Map: Dynasty LE

Players

CHerOBukXpeH

  • Race: Terran Terran
  • League: Platinum
  • Spawn Location: 1:00

Snowball - Winner!

  • Race: Zerg Zerg
  • League: Platinum
  • Spawn Location: 7:00

VOD

Have the link to the VOD?

Description

Time

  • Played on: June 10, 2024, 9:52 a.m.
  • Length: 10:48
Show
View Real Time Build Order
Export as new Build Order

CHerOBukXpeH Terran 

Build Orders:  

Get SALT Encoding   

  12  0:00  SCV  
  13  0:12  SCV  
  14  0:17  Supply Depot  
  14  0:25  SCV  
  15  0:38  SCV  
  15  0:41  Barracks  
  16  0:50  SCV  
  17  1:04  SCV  
  18  1:16  SCV  
  18  1:17  Refinery  
  18  1:43  Orbital Command  
  18  1:44  Command Center  
  18  1:51  Supply Depot  
  18  1:59  Marine  
  18  2:00  Supply Depot  
  19  2:11  SCV  
  20  2:19  Marine  
  21  2:26  SCV  
  22  2:34  Refinery  
  22  2:39  SCV  
  22  2:42  Marine, Command Center  
  25  2:51  SCV  
  25  2:58  Engineering Bay  
  25  3:03  Marine  
  26  3:08  Bunker  
  26  3:11  SCV  
  27  3:20  Factory  
  27  3:21  Marine  
  27  3:24  SCV  
  29  3:32  Bunker  
  29  3:33  Orbital Command  
  29  3:45  SCV  
  29  3:49  Marine  
  30  3:57  SCV  
  30  3:58  Orbital Command  
  31  4:03  SCV  
  31  4:05  Factory Tech Lab  
  31  4:07  Marine  
  31  4:09  SCV  
  34  4:15  Starport  
  34  4:19  SCV  
  24  4:53  Engineering Bay  
  24  4:59  Engineering Bay  
  18  5:21  Factory Tech Lab  
  18  5:25  Engineering Bay  
  18  5:29  SCV  
  19  5:39  Siege Tank  
  21  5:51  SCV  
  22  6:10  Starport  
  22  6:18  Siege Tank  
  25  6:22  Orbital Command  
  25  6:34  Orbital Command  
  24  6:47  Starport Tech Lab  
  24  6:51  Refinery  
  24  7:05  SCV  
  24  7:06  SCV x2  
  27  7:18  SCV  
  28  7:33  Supply Depot  
  28  7:35  SCV x3  
  31  7:47  SCV x2  
  31  7:49  Widow Mine  
  35  7:58  Barracks  
  35  8:01  SCV x2  
  36  8:46  Orbital Command  
  36  8:54  Fusion Core  
  36  9:02  SCV x2  
  38  9:12  SCV  
  38  9:14  SCV x2  
  38  9:15  Factory Reactor  
  38  9:16  Barracks Reactor  
  41  9:21  Bunker  
  41  9:24  SCV  
  41  9:26  SCV x2  
  44  9:32  Refinery  
  44  9:36  SCV  
  46  9:38  SCV x2  
  46  9:39  Liberator  
  50  9:48  SCV  
  50  9:50  SCV  
  52  9:57  Marine x2  
  52  9:58  Widow Mine x2  
  58  10:04  SCV  
  58  10:06  Supply Depot  
Show
View Real Time Build Order
Export as new Build Order

Snowball Zerg - Winner!

Build Orders: Hatch First, Zergling Baneling 

Get SALT Encoding   

  12  0:05  Drone  
  13  0:13  Drone  
  14  0:17  Extractor  
  14  0:19  Drone  
  14  0:23  Drone, Extractor  
  16  0:58  Hatchery  
  16  1:03  Extractor  
  14  1:08  Drone, Extractor  
  15  1:15  Spawning Pool  
  14  1:31  Overlord  
  14  1:55  Drone x3  
  17  2:05  Queen  
  17  2:07  Zergling x2  
  20  2:10  Queen  
  20  2:11  Zergling x2  
  23  2:26  Zergling x4  
  25  2:34  Zergling x4  
  25  2:36  Metabolic Boost  
  27  2:40  Zergling x2  
  28  2:47  Overlord  
  28  3:09  Baneling Nest, Overlord  
  28  3:12  Zergling x6  
  30  3:13  Zergling x2  
  31  3:22  Zergling x10  
  36  3:27  Overlord  
  36  3:46  Zergling x8  
  36  3:47  Zergling x2  
  41  3:59  Baneling x3  
  41  4:00  Baneling x2  
  41  4:07  Baneling  
  41  4:14  Overlord  
  41  4:15  Drone x3  
  41  4:16  Drone x2  
  43  4:35  Baneling x2  
  31  5:09  Baneling x3  
  31  5:12  Zergling x2  
  31  5:13  Zergling x12  
  36  5:36  Baneling  
  36  5:37  Baneling  
  36  5:41  Zergling x6  
  36  5:42  Zergling x2  
  40  6:04  Zergling x12  
  42  6:05  Zergling x2  
  47  6:14  Baneling x2  
  47  6:15  Baneling x2  
  47  6:26  Baneling  
  47  6:39  Drone x4  
  52  6:40  Drone x4  
  54  6:48  Drone x4, Extractor  
  54  6:49  Drone  
  58  7:10  Lair, Extractor  
  55  7:33  Drone x4  
  59  7:45  Hatchery  
  59  7:47  Overlord x2  
  59  7:48  Overlord  
  58  8:02  Queen  
  60  8:19  Overseer  
  60  8:27  Spire  
  60  8:28  Drone x5  
  60  8:29  Drone x3  
  60  8:33  Overseer  
  58  9:05  Queen  
  58  9:08  Extractor  
  59  9:11  Extractor  
  58  9:23  Centrifugal Hooks  
  58  9:24  Hatchery  
  58  9:31  Evolution Chamber  
  56  9:32  Zergling x2  
  56  9:33  Evolution Chamber, Zergling x32  
  72  9:45  Mutalisk  
  72  9:46  Mutalisk x6  
  86  9:56  Corruptor  
  86  9:59  Overlord x3  
Tags
 
Add a new tag
Caveats
  • Supply blocks, unpowered buildings, or Contaminate may cause inaccurate times.
  • Supply counts are checked every 10 seconds.